 Dungeon Crawl Stone Soup version 0.17-a0-1468-gbf503c2 (webtiles) character file.

526 patman the Bolt Thrower (level 7, -5/50 HPs)
             Began as a Mummy Hunter on July 1, 2015.
             Was an Initiate of Ru.
             Splashed by a jelly's acid (8 damage)
             ... on level 5 of the Dungeon.
             The game lasted 00:10:42 (3720 turns).

patman the Bolt Thrower (Mummy Hunter)              Turns: 3720, Time: 00:10:42

Health: -5/50      AC: -7    Str: 17    XL:     7   Next: 2%
Magic:  7/7        EV: 11    Int: 11    God:    Ru [......]
Gold:   271        SH:  0    Dex: 12    Spells: 0 memorised, 6 levels left

rFire  x . .     SeeInvis .     b - +0 flail (crush)
rCold  + . .     Clarity  .     t - +0 ring mail
rNeg   + + +     SustAt   .     (no shield)
rPois  ∞         Gourm    .     (no helmet)
rElec  .         Spirit   .     s - +2 cloak
rCorr  .         Warding  .     u - +0 pair of gloves
rMut   .         Stasis   .     (no boots)
MR     .....                    f - amulet of regeneration
Stlth  +.........               (no ring)
                                (no ring)

@: corroded equipment, not resistant to hostile enchantments, very unstealthy
A: no food or potions, fire vulnerability, cold resistance 1, negative energy
resistance 3, slow healing 1, torment resistance, unbreathing
a: Renounce Religion


You were on level 5 of the Dungeon.
You worshipped Ru.
Ru was noncommittal.
You were not hungry.

You visited 1 branch of the dungeon, and saw 5 of its levels.

You collected 271 gold pieces.

Inventory:

Hand weapons
 a - a +1 hand crossbow
 b - a +0 flail of crushing (weapon)
 m - a +0 blowgun
 p - a +0 short sword
Missiles
 c - 22 bolts
 n - a curare-tipped needle
Armour
 o - a +0 chain mail
 s - a +2 cloak (worn)
 t - a +0 ring mail (worn)
 u - a +0 pair of gloves (worn)
Jewellery
 f - an amulet of regeneration (around neck)
Magical devices
 k - a wand of fireball (9)
 r - a wand of paralysis (4)
Scrolls
 d - a scroll of amnesia {unknown}
 e - a scroll of noise
 g - 2 scrolls of recharging
 h - 2 scrolls of enchant weapon
 i - a scroll of fear {unknown}
 j - a scroll of remove curse
 l - a scroll of immolation
 q - 3 scrolls of teleportation


   Skills:
 - Level 2.0 Fighting
 + Level 7.1 Crossbows
 - Level 1.5 Dodging
 - Level 0.7 Stealth


You had 6 spell levels left.
You didn't know any spells.

Dungeon Overview and Level Annotations

Branches:
Dungeon (5/15)             Temple (0/1) D:4

Altars:
Ru


Innate Abilities, Weirdness & Mutations

You do not eat or drink.
Your flesh is vulnerable to fire.
You are immune to poison.
Your flesh is cold resistant.
You are immune to negative energy.
You heal slowly when monsters are visible.
You are immune to unholy pain and torment.
You can survive without breathing.


Message History

The orc wizard blinks!
The jelly hits you but does no damage.
Unknown command.
You hit the jelly but do no damage.
Your hands burn!
The jelly is moderately wounded.
The orc wizard closely misses you. The jelly closely misses you.
Unknown command.
You sock the jelly! The acid corrodes you!
Your hands burn!
The jelly is almost dead.
The orc wizard barely misses you. The jelly hits you.
You are splashed with acid!
The acid corrodes you!
The acid burns!
* * * LOW HITPOINT WARNING * * *
The orc wizard hits you with a dagger.
* * * LOW HITPOINT WARNING * * *
You hit the jelly but do no damage. The acid corrodes you!
Your hands burn!
* * * LOW HITPOINT WARNING * * *
The jelly is almost dead.
The jelly hits you.
* * * LOW HITPOINT WARNING * * *
You are splashed with acid!
The acid corrodes you!
The acid burns!
You die...

.. .# #h#.# .#####. #.#.#
..... #.#.# .... #.#.# ##
#.##..# #.#.####
.##.##..# #.#.†).#
#.#.##..######.####)# ##
#..##.o##........#†# #.#
#.....J@)........†.#
#.###...#..######......##
#.#....#..# ##.†.....##
#.........#####...>.....#
#.................÷.....#
#.........###...........#
#...#...##.#
#..#.......##
#.###...##.# #..##.....##
#
#)..##.###..##....######


You could see a jelly and an orc wizard.

Vanquished Creatures
  An ogre (D:4)
  A scorpion (D:4)
  A centaur zombie (D:5)
  An orc priest (D:5)
  2 hounds
  Terence (D:3)
  An orc wizard (D:5)
  A worker ant (D:4)
  A worker ant zombie (D:5)
  7 adders
  A shadow imp (D:4)
  2 oozes
  An adder skeleton (D:4)
  2 worms
  9 giant geckos
  8 orcs
  6 bats
  2 bat skeletons (D:4)
  5 giant cockroaches
  5 hobgoblins
  11 jackals
  11 kobolds
  A ball python (D:1)
  7 giant newts
  17 goblins
  8 rats
113 creatures vanquished.

Notes
Turn   | Place    | Note
--------------------------------------------------------------
     0 | D:1      | patman the Mummy Hunter began the quest for the Orb.
     0 | D:1      | Reached XP level 1. HP: 16/16 MP: 1/1
   207 | D:1      | Reached XP level 2. HP: 13/22 MP: 2/2
   565 | D:1      | Reached skill level 4 in Crossbows
   799 | D:1      | Reached XP level 3. HP: 27/27 MP: 3/3
  1304 | D:2      | Found a sacrificial altar of Ru.
  1331 | D:2      | Became a worshipper of Ru the Awakened
  1739 | D:3      | Reached XP level 4. HP: 29/33 MP: 4/4
  1822 | D:3      | Noticed Terence
  1828 | D:3      | Killed Terence
  1885 | D:3      | Reached skill level 5 in Crossbows
  2252 | D:3      | Paralysed by a goblin for 5 turns
  2331 | D:3      | Gained mutation: You heal slowly when monsters are visible. [Ru sacrifice]
  2363 | D:3      | Reached XP level 5. HP: 38/38 MP: 5/5
  2801 | D:4      | Found a staircase to the Ecumenical Temple.
  2904 | D:4      | Noticed an ogre
  2911 | D:4      | Killed an ogre
  2911 | D:4      | Reached skill level 6 in Crossbows
  2911 | D:4      | Reached XP level 6. HP: 38/44 MP: 6/6
  3346 | D:5      | Entered Level 5 of the Dungeon
  3610 | D:5      | Reached skill level 7 in Crossbows
  3610 | D:5      | Reached XP level 7. HP: 13/50 MP: 7/7
  3720 | D:5      | Splashed by a jelly's acid

Vault maps used:
D:1:      roderic_crossed_star
D:2:      serial_park_tiny_1, nicolae_ru_awakened_eye
D:3:      first_bread, kennysheep_generic_room_7, uniq_terence
D:4:      minmay_temple_entry_mist
D:5:      nicolae_overflow_hidden_temple

Action                   |  1- 3 |  4- 6 |  7- 9 || total
-------------------------+-------+-------+-------++-------
Melee: Short sword       |   157 |    30 |       ||   187
       Flail             |       |   218 |    11 ||   229
 Fire: Hand crossbow     |     9 |    55 |     2 ||    66
Invok: Sacrifice Purity  |       |     1 |       ||     1
  Use: Scroll            |       |     6 |       ||     6
 Stab: Sleeping          |     3 |     1 |       ||     4
